Smidgen, chaotic male elven Priest ------------ ----- ##...........| |...| # |..........| | ####....| ### |..........| --------- |. # |...| # |..........| |...{...| . # |...| #######....>......| |.......| #@# #### #-....# # |..........| |.......+ f #|...|## ### ------------ |.....<.| ### #-----# # --------- # ## ## ### ### # # # # #### # ### -|-----## ## # |..|...## #-----# |.....|# #|...|# |...... #|....# ------- #....| ----- Smidgen the Acolyte Experience level: 3 Strength: 13 Dexterity: 9 Constitution: 16 Intelligence: 10 Wisdom: 20 Charisma: 9 Health: 0(22) Energy: 36(41) Def: 4 Gold: 329 Moves: 977 Dungeon seed: OeqNTVyfXwqTReHj Game ID: Smidgen_1615655287 Your Inventory: Coins $ - 329 gold pieces Weapons a - a blessed +1 mace (weapon in hand) j - 2 +0 orcish daggers (alternate weapon; not wielded) s - 12 +0 darts Armor e - a +0 robe (being worn) n - a blessed +0 small shield (being worn) r - a +0 orcish helm (being worn) z - a cursed -3 pair of gauntlets of power Comestibles c - 2 cloves of garlic d - a sprig of wolfsbane l - 2 food rations Scrolls k - a cursed scroll of remove curse m - a cursed scroll of magic mapping Spellbooks f - a spellbook of protection g - a spellbook of detect unseen o - a blessed spellbook of drain life Potions b - 3 potions of holy water Tools h - a magic marker (0:72) i - a bell Gems q - 2 worthless pieces of green glass y - a jasper stone N - a worthless piece of yellowish brown glass Spells and supernatural/magical abilities: Name Level Category Fail Memory p - protection 1 clerical 0% 96% D - drain life 2 attack 31% 98% U - detect unseen 3 divination 66% 96% W - pray for help -- divine ? -- X - turn undead -- divine ? -- Your skills at the end: Fighting Skills Weapon Skills mace [Basic] Spellcasting Skills clerical spells [Basic] Final Attributes: You were piously aligned. You had infravision. You are dead. Vanquished creatures: a large kobold 2 red molds 6 jackals a fox a kobold 3 goblins 2 grid bugs 3 lichens 5 newts 24 creatures vanquished. Voluntary challenges: You were an atheist. You used a wielded weapon 19 times, starting on turn 4. You read items or engraved 4 times, starting on turn 561. You never genocided any monsters. You never polymorphed an object. You never changed form. You used no wishes. You never split a pudding. You never wrote Elbereth's name. You never violated your personal moral code. Dungeon overview: The Dungeons of Doom: levels 1 to 3 Level 1 a fountain a long staircase Level 2 Level 3 <- You were here a fountain a long staircase History has recorded: On T:1 you entered the Dungeons of Doom to retrieve the Amulet of Yendor! On T:114 you reached level 2 of The Dungeons of Doom. On T:441 you advanced to experience level 2. On T:693 you advanced to experience level 3. On T:824 you reached level 3 of The Dungeons of Doom. Score breakdown: Gold: 329 ( 8567 points) Experience: 3 levels ( 7878 points) Exploration: 3 levels ( 6.38%) ( 6255 points) Discoveries: 3 items ( 1.05%) ( 3067 points) Valuables value: (no points given unless you survive) Artifact value: 0 ( 0 points) Variety of kills: 9 monsters ( 2.36%) ( 4610 points) Turncount: 977 turns ( 0 points) Survival: died (score multiplied by 80%) Total score: 24301 Latest messages: You miss the newt. (2x) The newt bites! You miss the newt. (2x) The newt bites! You miss the newt. You kill the newt! The door opens. There is a grave here. Something is engraved here on the headstone. You read: "1994-1995. The Longest-Lived Hacker Ever". You see here 47 gold pieces. $ - 47 gold pieces. The kitten just misses! You hear the splashing of a naiad. The kitten bites! (2x) You stop running. (3x) The kitten bites! You hear the chime of a cash register. The kitten bites! You miss the kitten. The kitten misses. You fail to cast the spell correctly. The kitten bites! (2x) You die... Final status: Goodbye Smidgen the Priest, killed by a kitten... You died in The Dungeons of Doom on dungeon level 3 with 24301 points, and 329 pieces of gold, after 977 moves. You were level 3 with a maximum of 22 hit points when you died.